 Dungeon Crawl Stone Soup version 0.27.0-1-g7a089689b8 (webtiles) character file.

Game seed: 2075137163076279957

1 SnakkuSnakku7 the Skirmisher (level 1, 0/24 HPs)
             Began as an Ogre Delver on Aug 6, 2021.
             Slain by a centaur skeleton (1 damage)
             ... on level 6 of the Dungeon.
             The game lasted 00:00:24 (72 turns).

SnakkuSnakku7 the Skirmisher (Ogre Delver)            Turns: 72, Time: 00:00:25

Health: 0/24       AC:  3    Str: 15    XL:     1   Next: 20%
Magic:  1/1        EV:  9    Int: 11    God:
Gold:   25         SH:  0    Dex: 10    Spells: 0/0 levels left

rFire    . . .     SeeInvis .   a - +0 mace
rCold    . . .     Faith    .   (no shield)
rNeg     . . .     Spirit   .   b - +0 robe
rPois    .         Reflect  .   (helmet restricted)
rElec    .         Harm     .   (no cloak)
rCorr    .         Rampage  .   (gloves unavailable)
Will     .....                  (boots unavailable)
Stlth    ++........             (no amulet)
HPRegen  0.08/turn              (no ring)
MPRegen  0.07/turn              (no ring)

@: lethally poisoned (0 -> -15)
A: large, unfitting armour, tough skin 1
a: no special abilities


You were on level 6 of the Dungeon.
You visited 1 branch of the dungeon, and saw 2 of its levels.

You collected 25 gold pieces.

Inventory:

Hand Weapons
 a - a +0 mace (weapon)
Armour
 b - a +0 robe (worn)
Wands
 g - a wand of digging (3)
Scrolls
 c - a scroll of fog
 e - a scroll of fear
Potions
 f - a potion of haste


   Skills:
 - Level 4.0 Fighting
 + Level 1.9 Maces & Flails
 - Level 1.7 Dodging
 - Level 3.7 Stealth


You couldn't memorise any spells.
You didn't know any spells.
Your spell library was empty.

Dungeon Overview and Level Annotations

Branches:
Dungeon (6/15)
 Temple: D:4-7

Altars:


Innate Abilities, Weirdness & Mutations

You are too large for most types of armour.
You have tough skin. (AC +1)


Message History

The kobold brigand shouts!
The kobold shouts! x2
The kobold hits you with a +0 short sword.
You hit the kobold.
You kill the kobold!
The kobold closely misses you.
The kobold brigand throws a poisoned dart.
The poisoned dart hits you.
You are poisoned.
Unknown command.
You feel sick.
You closely miss the kobold.
You feel sick.
The kobold hits you with a +0 short sword.
You feel sick.
You feel sick.
You feel sick.
You are no longer poisoned.
The kobold brigand throws a poisoned dart.
The poisoned dart hits you!
You are poisoned.
You feel sick.
A centaur skeleton comes into view.
Found a scroll labelled KIFIRI UCVONKE.
You feel sick.
You feel sick.
Found 20 stones.
You feel sick.
You feel sick.
The kobold brigand throws a poisoned dart.
The poisoned dart hits you!
You are lethally poisoned!
* * * LOW HITPOINT WARNING * * *
You feel very sick.
* * * LOW HITPOINT WARNING * * *
You feel very sick.
The kobold brigand throws a poisoned dart.
The poisoned dart hits you!
You are more poisoned.
The centaur skeleton hits you but does no damage.
The centaur skeleton kicks you.
You die...

,,,,,,,,......,,,,,,,*
*,*,,,,,
,,,,*###...#####.#.,.###
*,*,****
*****#<...........,,...#**,*,*
#.#...####...,.....,,,,,*
#.#*.## #...,(...***,,,*
#.#*,# #..#...#***,,<,* #.#*,#
###.?#...###,,,,,**
######.##.#
#...........,,,,,,***
..........#
#.#.@#******,,,,,,,,,
######.#### #.#.Z# **,,,****,
#.######....# ****,*****,
#.##........#*****,,,,,,,,,,
#.##.####K.##<,,,,,*********
######.......K..#*,****,*
*,,,, ............##.##*,* *,*
*,*** #########.#.##.# *,* *,*
*,* #.#.##.##*,# *,* *,*


You could see a kobold brigand, a kobold and a centaur skeleton.

Vanquished Creatures
  A kobold (D:6)
1 creature vanquished.

Notes
Turn   | Place    | Note
-------+----------+-------------------------------------------
     0 | D:5      | SnakkuSnakku7 the Ogre Delver began the quest for the Orb.
     0 | D:5      | Reached XP level 1. HP: 24/24 MP: 1/1
     9 | D:5      | Noticed an ice beast
    55 | D:6      | Noticed a kobold brigand
    72 | D:6      | HP: 1/24 [poisoned by a kobold brigand]
    72 | D:6      | Slain by a centaur skeleton

Illustrated notes

Levels and vault maps discovered:
D:5:      layout_gridville, minmay_overflow_temple_hex
D:6:      black_bear_nest_1, layout_loops_ring, serial_shops, shop_statue,
          gup_sewer_entry_bubbles, minmay_ruffians

Action                   || total
-------------------------++-------
Melee: Mace              ||     2
  Use: Scroll            ||     1
Armor: Robe              ||     1
Dodge: Dodged            ||     1
